 Dungeon Crawl Stone Soup version 0.23.2-30-g0e89c35649 (webtiles) character file.

Game seed: 9126732751761380915

108 Kahibar the Digger (level 4, -6/33 HPs)
             Began as a Draconian Earth Elementalist on June 17, 2019.
             Killed by nerve-wracking pain
             ... invoked by Grinder
              (13 damage)
             ... on level 3 of the Dungeon.
             The game lasted 00:25:37 (3432 turns).

Kahibar the Digger (Draconian Earth Elementalist)   Turns: 3432, Time: 00:25:37

Health: -6/33      AC:  5    Str: 10    XL:     4   Next: 58%
Magic:  4/8        EV: 12    Int: 17    God:
Gold:   54         SH:  0    Dex: 11    Spells: 7/8 levels left

rFire    . . .     SeeInvis .   d - +1 dagger (venom)
rCold    . . .     Gourm    .   (no shield)
rNeg     . . .     Faith    .   (armour unavailable)
rPois    .         Spirit   .   (helmet restricted)
rElec    .         Reflect  .   (no cloak)
rCorr    .         Harm     .   (no gloves)
MR       .....                  (no boots)
Stlth    ++........             (no amulet)
HPRegen  0.11/turn              (no ring)
MPRegen  0.11/turn              (no ring)

@: lethally poisoned (-6 -> -7), very slightly contaminated
A: unfitting armour, cold-blooded, AC +5
a: no special abilities


You were on level 3 of the Dungeon.
You were hungry.

You visited 1 branch of the dungeon, and saw 3 of its levels.

You collected 54 gold pieces.

Inventory:

Hand Weapons
 d - a +1 dagger of venom (weapon)
 e - a +0 club
 m - a +0 short sword
 n - a +0 spear
 o - a +0 whip
 p - a +0 hunting sling
 t - a +0 hand axe
 v - a +2 whip of electrocution
 y - a +0 whip
Missiles
 b - 147 stones (quivered)
 g - 8 tomahawks
 h - 21 poisoned needles
 q - 40 arrows
 A - 25 bolts
Armour
 r - a +0 buckler
Jewellery
 a - a +2 ring of intelligence {unknown}
 f - an uncursed amulet of harm {unknown}
 i - an uncursed amulet of the gourmand {unknown}
 u - a cursed ring of teleportation {unknown}
 z - an uncursed ring of protection from cold {unknown}
Scrolls
 j - 2 scrolls of identify {unknown}
 l - 5 scrolls of teleportation
 s - a scroll of fear {unknown}
Potions
 k - a potion of curing {unknown}
 w - a potion of ambrosia {unknown}
Comestibles
 c - 3 rations
 x - 2 chunks of flesh


   Skills:
 + Level 0.2 Fighting
 + Level 0.7 Short Blades
 + Level 2.0 Dodging
 + Level 2.4 Stealth
 + Level 2.8 Spellcasting
   Level 1.0 Transmutations
 + Level 4.2 Earth Magic


You had 7 spell levels left.
You knew the following spells:

 Your Spells              Type           Power        Failure   Level  Hunger
a - Sandblast             Erth           ###...       3%          1    #......

Your spell library contained the following spells:

 Spells                   Type           Power        Failure   Level  Hunger
 Passwall                 Tmut/Erth      ##......     9%          2    ##.....
 Stone Arrow              Conj/Erth      #.....       22%         3    ###....
 Petrify                  Tmut/Erth      ##......     52%         4    #####..
 Lee's Rapid Deconstruct  Erth           ###.......   65%         5    ######.


Dungeon Overview and Level Annotations

Branches:
Dungeon (3/15)

Altars:

Annotations:
D:3 Grinder


Innate Abilities, Weirdness & Mutations

Your plain brown scales are hard. (AC +5)
You cannot fit into any form of body armour.
You are cold-blooded and may be slowed by cold attacks.


Message History

Casting: Sandblast (safe; 3% risk of failure)
Confirm with . or Enter, or press ? or * to list all spells.
Aiming: Sandblast (safe; 3% risk of failure)
Press: ? - help, Shift-Dir - straight line, f/p - Grinder
Aim: Grinder (moderately wounded)
The blast of sand hits Grinder.
Grinder is moderately wounded.
b - 148 stones Grinder closely misses you.
Casting: Sandblast (safe; 3% risk of failure)
Confirm with . or Enter, or press ? or * to list all spells.
Aiming: Sandblast (safe; 3% risk of failure)
Press: ? - help, Shift-Dir - straight line, f/p - Grinder
Aim: Grinder (moderately wounded)
The blast of sand hits Grinder.
Grinder is heavily wounded.
b - 147 stones Grinder gestures at you.
Pain shoots through your body!
You die...

.....#.###.##.....###.......
##>.........'.....'.........+
.#.#.#.###.##.....###.......##
.#.#.#.###.##................#.
.#.#.......##..................
.#...#.###########............#
.#...............'.....^.......
.###.#.#.....#####...........#
.# #.#.#.###...5@............#
.# #####.. #........##########
... ###<#........# .##
######........# #.............#
#######.......# #.......#
#.......# #.......#


You could see Grinder.

Vanquished Creatures
  3 adders
  An ooze (D:3)
  6 worms
  A dart slug (D:2)
  2 leopard geckos (D:1)
  5 giant cockroaches
  7 goblins
  7 hobgoblins
  4 jackals (D:2)
  5 bats
  6 frilled lizards
  6 kobolds
  4 rats
57 creatures vanquished.

Notes
Turn   | Place    | Note
-------+----------+-------------------------------------------
     0 | D:1      | Kahibar the Draconian Earth Elementalist began the quest
                  | for the Orb.
     0 | D:1      | Reached XP level 1. HP: 14/14 MP: 3/3
   536 | D:1      | Reached XP level 2. HP: 17/20 MP: 3/5
  1400 | D:2      | Reached XP level 3. HP: 26/26 MP: 1/6
  1442 | D:2      | Reached skill level 4 in Earth Magic
  2926 | D:2      | Reached XP level 4. HP: 33/33 MP: 5/7
  3414 | D:3      | Noticed Grinder
  3419 | D:3      | Paralysed by Grinder for 6 turns
  3432 | D:3      | Killed from afar by Grinder

Skill      XL: |  1  2  3 |
---------------+----------+-----
Stealth        | 2 |  2.4
Earth Magic    | 4 |  4.2
Dodging        | 2 |  2.0
Fighting       | |  0.2
Short Blades   | |  0.7
Spellcasting   | |  2.8
Transmutations | |  1.0

Action                   |  1- 3 |  4- 6 || total
-------------------------+-------+-------++-------
Melee: Club              |     7 |       ||     7
       Tailslap          |     3 |       ||     3
       Dagger            |    46 |     4 ||    50
 Cast: Sandblast         |    50 |    20 ||    70
  Use: Scroll            |     1 |       ||     1
 Stab: Sleeping          |     1 |     1 ||     2
  Eat: Chunk             |     6 |     2 ||     8
Armor: Skin              |    28 |     8 ||    36
Dodge: Dodged            |    46 |     8 ||    54
